 Dungeon Crawl Stone Soup version 0.31-a0-1300-gb6740aa4e6 (webtiles) character file.

Game seed: 14459281909807503227

87 timneilson the Changeling (level 4, 0/29 HPs)
             Began as an Octopode Shapeshifter on Dec 18, 2023.
             Slain by a hound (6 damage)
             ... on level 3 of the Dungeon.
             The game lasted 00:03:22 (2027 turns).

timneilson the Changeling (Octopode Shapeshifter)   Turns: 2027, Time: 00:03:23

Health: 0/29       AC:  1    Str: 15    XL:     4   Next: 51%
Magic:  4/4        EV: 13    Int: 12    God:
Gold:   302        SH:  0    Dex: 11    Spells: 3/3 levels left

rFire   . .          .
                       - Unarmed
rCold   . . .        (no shield)
rNeg    . . .        (helmet currently unavailable)
rPois   .            (no amulet)
rElec   .            (no ring)
rCorr   .            (no ring)
SInv    .            (no ring)
Will    .....        (no ring)
Stlth   +++          (no ring)
HPRegen 0.24/turn    (no ring)
MPRegen 0.09/turn    (no ring)
                     (no ring)

%: no passive effects
@: beast-form
A: beast (slay +2), almost no armour, amphibious, 8 rings, camouflage 1,
gelatinous body 1, (nimble swimmer 1), tentacles
a: Begin Untransformation


You were on level 3 of the Dungeon.
You were a hulking beast.
You visited 1 branch of the dungeon, and saw 4 of its levels.

You collected 302 gold pieces.

Inventory:

Talismans
 b - a beast talisman
 c - a flux talisman
Scrolls
 i - a scroll of identify
Potions
 a - a potion of lignification
 e - 2 potions of cancellation
 f - 2 potions of berserk rage
 h - 2 potions of curing


   Skills:
 * Level 2.1 Fighting
 * Level 2.6 Dodging
 + Level 1.7 Stealth
 * Level 3.5 Unarmed Combat
 * Level 3.5 Shapeshifting


You had 3 spell levels left.
You didn't know any spells.
Your spell library contained the following spells:

 Spells                   Type           Power      Damage    Failure   Level
 Summon Guardian Golem    Hex/Summ       0%         N/A       69%         3
 Orb of Destruction       Conj           0%         9d5       100%        7
 Spellforged Servitor     Conj/Summ      0%         N/A       100%        7


Dungeon Overview and Level Annotations

Branches:
Dungeon (4/15)
 Temple: D:4-7

Altars:
Makhleb
Sif Muna

Shops:
D:2 *


Innate Abilities, Weirdness & Mutations

You are a hulking beast.
Your limbs bulge with bestial killing power. (Slay +2)
You cannot wear most types of armour.
You are amphibious.
You can wear up to eight rings at the same time.
Your skin changes colour to match your surroundings (Stealth+).
Your rubbery body absorbs attacks. (AC +1, EV +1)
((You are camouflaged when in or above water. (Stealth+)))
You have tentacles for arms and can constrict up to eight enemies at once.


Message History

As you read the scroll labelled AGGAOD UZIWARU, it crumbles to dust.
The air around you briefly surges with heat, but it dissipates.
It was a scroll of immolation.
Okay, then.
There is a stone staircase leading down here.
You climb downwards.
The gnoll shouts! x2
There is a stone staircase leading up here.
A hound comes into view.
The hound barks!
The gnoll shouts!
The hound bites you. The gnoll misses you.
You climb upwards.
There is a stone staircase leading down here.
You bludgeon the gnoll! You grab the gnoll.
The gnoll is severely wounded.
You constrict the gnoll. The gnoll misses you.
You tentacle-slap the gnoll.
You kill the gnoll!
Things that are here:
a +0 whip; a gnoll corpse
There is a stone staircase leading down here.
You start resting.
HP restored.
You climb downwards.
The hound barely misses you. The gnoll hits you with a +0 whip.
The hound bites you.
There is a stone staircase leading up, spattered with blood here.
The hound misses you. The gnoll barely misses you. The gnoll misses you.
You climb upwards.
There is a stone staircase leading down here.
The hound attacks as it pursues you! The hound closely misses you.
The gnoll hits you with a +0 whip. The hound closely misses you.
The hound attacks as it pursues you! The hound misses you. The hound bites you.
The hound attacks as it pursues you! The hound bites you.
* * * LOW HITPOINT WARNING * * *
Unknown command.
The hound attacks as it pursues you! The hound barely misses you.
The hound closely misses you. The hound bites you.
You die...

.########.##..#.##.#.............
.'...................##..........
.###.............................
## #........#...........#.##..##.
####........#....................
...'........+...g................
####........#..##.>).#..#.##..#..
#........+..#####....#.##.....
#........#..hh#####...........
####........#......))............
............#..#######....###.#..
....###'#####.......##.....##....
....# #.# #..............##....
....# #.######.+########'...#....
....# #......#.#........#.###....
#######......#.#⌠......⌠#.# #....
...............#.._.._..#.# #....


You could see a hound.

Vanquished Creatures
  A gnoll (D:3)
  3 adders
  A dart slug (D:1)
  3 orcs (D:3)
  6 endoplasms
  2 giant cockroaches (D:2)
  A goblin (D:1)
  5 hobgoblins
  2 quokkas
  6 ball pythons
  3 bats
  3 frilled lizards (D:1)
  5 kobolds
  4 rats
45 creatures vanquished.

Notes
Turn   | Place    | Note
-------+----------+-------------------------------------------
     0 | D:1      | timneilson the Octopode Shapeshifter began the quest for
                  | the Orb.
     0 | D:1      | Reached XP level 1. HP: 13/13 MP: 1/1
    41 | D:1      | Found a faded altar of an unknown god.
   180 | D:1      | Reached XP level 2. HP: 18/18 MP: 2/2
   699 | D:2      | Reached skill level 1 in Stealth
   709 | D:2      | Found Ehuutsauda's Assorted Antiques.
   718 | D:2      | Reached XP level 3. HP: 16/23 MP: 3/3
  1351 | D:3      | Reached XP level 4. HP: 21/29 MP: 4/4
  1453 | D:3      | Found a burning altar of Makhleb.
  1458 | D:3      | Found a shimmering blue altar of Sif Muna.
  2027 | D:3      | Slain by a hound

Illustrated notes

Levels and vault maps discovered:
D:1:      dpeg_arrival_boxes_within_box, layout_rooms, basic_ecumenical_altar
D:2:      layout_basic, serial_shops, shop, supply_closet_lemuel,
          minmay_pentomino_s4
D:3:      layout_basic, jmf_multi_god_temple
D:4:      layout_rooms, serial_shops, kennysheep_mini, kennysheep_mini_moat,
          uniq_duvessa

Skill      XL: |  1  2  3  4 |
---------------+-------------+-----
Stealth        | 1 |  1.7
Fighting       | 2 |  2.1
Dodging        | |  2.6
Unarmed Combat | |  3.5
Shapeshifting  | |  3.5

Action                     |  1- 3 |  4- 6 || total
---------------------------+-------+-------++-------
  Melee: Unarmed           |    70 |    16 ||    86
         Constrict         |    14 |     5 ||    19
         Tentacles         |    10 |     4 ||    14
         Punch             |     1 |     1 ||     2
    Use: Scroll            |     7 |     2 ||     9
   Stab: Sleeping          |     9 |     2 ||    11
 Armour: Skin              |    22 |    10 ||    32
  Dodge: Dodged            |    44 |    15 ||    59

Table legend: (Time is in decaauts)
 A = Elapsed time spent in this place.
 B = Non-inter-level travel time spent in this place.
 C = Inter-level travel time spent in this place.
 D = Time resting spent in this place.
 E = Time spent auto-exploring this place.
 F = Levels seen in this place.
 G = Mean time per level.
                   A        B        C        D        E       F      G
               +--------+--------+--------+--------+--------+-----+--------+
         Total |   2023 |   1936 |     87 |     12 |   1483 |   4 |  505.8 |
       Dungeon |   2023 |   1936 |     87 |     12 |   1483 |   4 |  505.8 |
               +--------+--------+--------+--------+--------+-----+--------+

Top non-repeatable levels by time:
     D:3: 898 daAuts
     D:1: 608 daAuts
     D:2: 509 daAuts
     D:4: 7 daAuts
